[Event "*** Titled Tuesday Blitz"]
[Site "Chess.com"]
[Date "2020.04.07"]
[Round "4"]
[White "Mops_2004"]
[Black "Raja3401"]
[Result "1-0"]
[WhiteElo "2542"]
[BlackElo "2711"]
[TimeControl "180+1"]
[EndTime "13:42:52 PDT"]
[Termination "Mops_2004 won on time"]

1. Nf3 Nf6 2. g3 g6 3. Bg2 Bg7 4. c4 O-O 5. O-O c6 6. d4 d5 7. b3 a5 8. Nc3 Bf5 9. Bb2 Ne4 10. e3 Nd7 11. Qe2 Nxc3 12. Bxc3 a4 13. Rfc1 axb3 14. axb3 Qb6 15. Nd2 Be6 16. c5 Qc7 17. b4 h5 18.
h3 Bf5 19. g4 hxg4 20. hxg4 Be6 21. g5 b6 22. f4 Rxa1 23. Bxa1 bxc5 24. bxc5 Ra8 25. Bc3 Bf5 26. Qe1 Ra3 27. Nf1 Qb8 28.
Ra1 Qb3 29. Rxa3 Qxa3 30. Qd2 Qb3 31. Bb4 e6 32. Kh2 Nb8 33. Qc3 Qd1 34. Ng3 Bd3 35.
Qd2 Qb1 36. Bc3 Na6 37. Nh1 Nc7 38. Nf2 Bf5 39. Qb2 Nb5 40. Qxb1 Bxb1 41. Bb2 Kf8 42. Bf1 Ke7 43. Kg3 Kd7 44. Bxb5 cxb5 45. Bc3 f5 46.
gxf6 Bxf6 47. Ng4 Bg7 48. Kh4 Bf5 49. Kg5 Bxg4 50. Kxg4 Bf6 51. Bb4 Kc6 52. Kf3 Kb7 53.
Kg4 Ka6 54. Kf3 Bd8 55. e4 Ba5 56. Ba3 b4 57. Bb2 Kb5 58. Ke3 Kc4 59. exd5 exd5 60. Kd2 b3+ 61. Kc1 Kd3 62. c6 Ke4 63. Bc3 Bc7 64. Kb2 Bxf4 65. Kxb3 g5 66. Ka4 g4 67. Kb5 g3 68. Be1 g2 69. Bf2 Kd3 70. Kc5 Ke4 71. Kb6 Be3 72. Bxe3 Kxe3 73. c7 g1=Q 74. c8=Q 1-0

[Event "*** Titled Tuesday Blitz"]
[Site "Chess.com"]
[Date "2020.04.07"]
[Round "4"]
[White "Incognito_Knight"]
[Black "valeriocarnicelli"]
[Result "1/2-1/2"]
[WhiteElo "2708"]
[BlackElo "2609"]
[TimeControl "180+1"]
[EndTime "13:42:56 PDT"]
[Termination "Game drawn - insufficient material"]

1. d4 Nf6 2. c4 c6 3. Nf3 d5 4. Nbd2 e6 5. g3 Nbd7 6. Bg2 b6 7. O-O Bb7 8. Qc2 Be7 9. e4 dxe4 10. Nxe4 Nxe4 11. Qxe4 Nf6 12. Qc2 c5 13. Rd1 Be4 14. Qe2 Qc8 15. Bg5 Bb7 16. d5 O-O 17. d6 Bd8 18.
Ne5 Bxg2 19. Kxg2 Nd7 20. Bxd8 Rxd8 21. f4 Nxe5 22. fxe5 Qb7+ 23. Qf3 Qxf3+ 24. Kxf3 Kf8 25. a4 Ke8 26. Ke4 Kd7 27. Rf1 Rf8 28. Ra3 Kc6 29. Raf3 f5+ 30. exf6 gxf6 31. Rxf6 Rxf6 32. Rxf6 Kxd6 33.
Rf7 h5 34. Kf4 Rg8 35. h3 a6 36. g4 hxg4 37. hxg4 Rh8 38. g5 Rh4+ 39. Kg3 Rxc4 40. g6 Rc1 41. Kg2 Rc2+ 42. Kg3 Rc1 43. Kg2 Rc2+ 44. Kh3 Rc1 45. Rf2 Rg1 46. Rf6 Ke5 47.
Rf8 Rxg6 48. Rb8 b5 49. axb5 axb5 50. Rxb5 Kd4 51. Rb8 e5 52. Rd8+ Kc4 53. Re8 Kd4 54. Rd8+ Kc4 55. Re8 Kb3 56. Rxe5 c4 57. Rb5+ Kc2 58.
Rb4 Kd3 59. Kh4 Rg8 60. Kh3 Rg1 61. Kh2 Rg4 62. Kh3 Re4 63. Kg3 Re8 64. Kf2 Re7 65. Kf1 Re6 66. Kf2 Rf6+ 67. Kg3 Rf5 68. Kg2 Rd5 69. Kf3 Rd4 70. Kf2 Kc2 71. Ke3 Rh4 72. Kf3 Rh3+ 73. Kf2 Rb3 74. Rxc4+ Kxb2 75. Re4 Rc3 76.
Re3 Rxe3 77. Kxe3 1/2-1/2

[Event "*** Titled Tuesday Blitz"]
[Site "Chess.com"]
[Date "2020.04.07"]
[Round "4"]
[White "vlad_Sid"]
[Black "jk13"]
[Result "1/2-1/2"]
[WhiteElo "2635"]
[BlackElo "2818"]
[TimeControl "180+1"]
[EndTime "13:42:57 PDT"]
[Termination "Game drawn - insufficient material"]

1. c4 e6 2. g3 Nf6 3. Bg2 d5 4. Nf3 dxc4 5. Qa4+ c6 6. Qxc4 b5 7. Qc2 Bb7 8. O-O Nbd7 9. b3 a6 10. Bb2 c5 11. a4 Rc8 12. d3 Qb6 13. Nbd2 Be7 14. Rfc1 O-O 15. axb5 axb5 16. Nf1 Nd5 17. N1d2 Nb4 18. Qd1 Bf6 19. Bxf6 Nxf6 20. Nb1 Rfd8 21.
Na3 Ra8 22. Nc2 Na2 23. Rcb1 Nc3 24. Qe1 Nxb1 25. Rxb1 Ra2 26. Ne3 Nd5 27. Nxd5 Bxd5 28. e4 Bb7 29. Bf1 Qa5 30. b4 cxb4 31. Qxb4 Qxb4 32.
Rxb4 Bc6 33. Nd4 Be8 34. Nxb5 Rb8 35. Nc3 Rxb4 36. Nxa2 Rb3 37. Nc1 Rc3 38. Na2 Rb3 39. Nc1 Rb1 40. Ne2 e5 41. f4 f6 42. Kf2 Bb5 43. Nc3 Rb2+ 44. Ke3 Bc6 45. Be2 Kf7 46. d4 exd4+ 47. Kxd4 Ke7 48. h4 Rc2 49. Kd3 Rc1 50. Bd1 Ra1 51. Kd4 h6 52. h5 Ra5 53. g4 Kd6 54.
Bb3 Bd7 55. e5+ fxe5+ 56. fxe5+ Rxe5 57. Ne4+ Rxe4+ 58. Kxe4 Bxg4 59. Bf7 Ke7 60. Bg6 Kf6 61. Kf4 Be6 62. Bd3 Bf7 63. Be2 Be8 64. Bd1 Bd7 65. Be2 Be6 66. Bd1 Bf7 67. Bf3 Ke6 68.
Bd1 Be8 69. Be2 Bc6 70. Bd1 Bg2 71. Bb3+ Kf6 72. Bd1 Bh3 73. Be2 Bg2 74. Bd1 Bf1 75. Bf3 Bd3 76. Bd1 Bf5 77. Bf3 Be6 78. Bd1 Bf7 79. Bf3 g6 80. hxg6 Bxg6 81. Kg3 Kg5 82. Kh2 Bh5 83. Bxh5 Kxh5 84. Kh3 Kg5 85. Kg3 h5 86. Kh3 h4 87. Kh2 Kg6 88. Kh3 Kg7 89. Kh2 Kg8 90. Kh3 Kh8 91. Kxh4 1/2-1/2

[Event "*** Titled Tuesday Blitz"]
[Site "Chess.com"]
[Date "2020.04.07"]
[Round "4"]
[White "Orest_Vovk"]
[Black "zacachess"]
[Result "1-0"]
[WhiteElo "2474"]
[BlackElo "2287"]
[TimeControl "180+1"]
[EndTime "13:43:03 PDT"]
[Termination "Orest_Vovk won by resignation"]

1. g4 c5 2. Bg2 Nc6 3. h3 d6 4.
c4 h5 5. g5 g6 6. d3 Bg7 7. Nc3 e6 8. Bxc6+ bxc6 9. Qa4 Bb7 10. Nf3 Ne7 11. Ne4 Nf5 12. Bd2 O-O 13. Bc3 Nd4 14.
Bxd4 cxd4 15. c5 e5 16. Nxd6 Qe7 17. h4 Rfb8 18. Nd2 Bc8 19. b3 Qc7 20. N2c4 Be6 21. Qa5 Qxa5+ 22. Nxa5 Bd5 23. f3 Bf8 24. Rc1 Bxd6 25.
cxd6 Rd8 26. Nc4 a5 27. Nxe5 a4 28. bxa4 Rxa4 29. Nxc6 Rxd6 30. Ne7+ Kg7 31. Nxd5 Rxd5 32. Rc2 Rda5 33. Kf2 Rxa2 34. Rxa2 Rxa2 35. Rc1 Ra5 36. Rc7 Rd5 37. f4 Kf8 38. Kf3 Ke8 39. Rc4 Rd7 40. Rc5 Ke7 41. Ke4 Kf8 42. Rd5 Re7+ 43. Re5 Rd7 44. f5 gxf5+ 45. Kxf5 Kg7 46. Re8 Rd6 47.
Re7 Rd5+ 48. Ke4 Rd6 49. Re5 Rd7 50. Rf5 Re7+ 51. Kf3 Re3+ 52. Kf2 Re6 53. Rd5 f6 54. Rxd4 fxg5 55. hxg5 Kg6 56. Rd5 Ra6 57. e4 h4 58.
Kg2 Ra1 59. Kh3 Rh1+ 60. Kg4 h3 61. Rd6+ Kg7 62. Kg3 Rg1+ 63. Kxh3 Rxg5 64. d4 Rg1 65. e5 Kf7 66. Kh2 Rg4 67. Kh3 Rg1 68. Rf6+ Ke7 69.
Kh2 Rd1 70. Rd6 Rd3 71. Kg2 Ra3 72. Kf2 Rb3 73. Ke2 Ra3 74. Rh6 Ra2+ 75. Ke3 Ra3+ 76.
Ke4 Ra4 77. Rh7+ Ke6 78. Rh6+ Ke7 79. Rb6 Kd7 80. e6+ Ke7 81. Ke5 Ra1 82. Rb7+ Kd8 83. d5 Kc8 84. Rh7 Re1+ 85. Kd6 Rh1 86. Rxh1 1-0

[Event "*** Titled Tuesday Blitz"]
[Site "Chess.com"]
[Date "2020.04.07"]
[Round "4"]
[White "mjray79"]
[Black "canary2016"]
[Result "1-0"]
[WhiteElo "2252"]
[BlackElo "1825"]
[TimeControl "180+1"]
[EndTime "13:43:03 PDT"]
[Termination "mjray79 won on time"]

1. d4 d5 2. c4 c6 3. Nf3 Nf6 4. Nc3 e6 5. e3 Nbd7 6. Qc2 Bd6 7. Bd3 dxc4 8. Bxc4 b5 9. Bd3 Bb7 10. O-O O-O 11.
Ne4 Qc7 12. Nxd6 Qxd6 13. e4 e5 14. Rd1 Qc7 15. Bxb5 Rac8 16. Bc4 Rfd8 17. Be3 exd4 18. Bxd4 Re8 19. e5 Nd5 20. Rac1 N7b6 21. Bb3 Nb4 22. Qd2 N4d5 23. Bc5 Rcd8 24. Bd6 Qd7 25. Qc2 Re6 26. Qe4 Rde8 27. Qg4 Rxd6 28. Qxd7 Rxd7 29.
Bxd5 Nxd5 30. Rc5 Red8 31. Rdc1 Nb6 32. h3 Rd1+ 33. Kh2 Rxc1 34. Rxc1 Rd5 35. b4 Rd3 36. a4 Nxa4 37. b5 c5 38. Rc4 Nb6 39. Rxc5 g6 40.
Rc7 Rd7 41. Rxd7 Nxd7 42. Nd4 Nxe5 43. Kg3 Kg7 44. f4 Nc4 45. Nc6 a6 46. Nd4 axb5 47.
Nxb5 Bc6 48. Nd4 Bd7 49. Kf3 Nd6 50. Ke3 Kf6 51. Kf3 Nf5 52. Ne2 Bc6+ 53. Kf2 Ke6 54.
g4 Nd6 55. Ke3 f5 56. g5 Ne4 57. Kd4 Bb7 58. Nc1 Nf2 59. h4 Ng4 60. Nb3 Bc6 61.
Nc5+ Kf7 62. Na6 Nf2 63. Ke3 Ne4 64. Nb4 Bb7 65. Kd4 Kg7 66. Ke5 h6 67. Nc2 hxg5 68.
hxg5 Kf7 69. Nd4 Ng3 70. Nb5 Be4 71. Nd6+ Kg7 72. Nb5 Nh5 73. Nd4 Kf7 74. Ne6 Ng7 75. Nc5 Ke7 76. Na4 Ne6 77. Nc3 Nc7 78. Na4 Ne6 79. Nb6 Ng7 80. Nc8+ Kd7 81. Nb6+ Ke7 82. Nc4 Kd7 83. Kf6 Ne8+ 84. Kxg6 Ke7 85. Ne3 Kf8 86. Kh7 Ng7 87. Kg6 Kg8 88. Nc4 Bd3 89. Nd6 Bc2 90.
Kf6 Be4 91. g6 Bd3 92. Nf7 Bc2 93. Nh6+ Kh8 94. Nf7+ 1-0

[Event "*** Titled Tuesday Blitz"]
[Site "Chess.com"]
[Date "2020.04.07"]
[Round "4"]
[White "killer311"]
[Black "Kimster98"]
[Result "0-1"]
[WhiteElo "2311"]
[BlackElo "2484"]
[TimeControl "180+1"]
[EndTime "13:43:05 PDT"]
[Termination "Kimster98 won by resignation"]

1. d4 Nf6 2. c4 e6 3. Nc3 Bb4 4. e3 O-O 5. Bd2 d5 6. Nf3 c5 7.
cxd5 Nxd5 8. Bd3 Nc6 9. O-O Nf6 10. Ne2 Bxd2 11. Qxd2 cxd4 12. Nexd4 Nxd4 13. exd4 b6 14. Rac1 Bb7 15. Qf4 Bxf3 16. gxf3 Rc8 17. Rxc8 Qxc8 18.
Rc1 Qd8 19. Qe5 a5 20. Rc7 Nd5 21. Rc6 Qh4 22. Qe4 Qg5+ 23. Kh1 g6 24. a3 Qd2 25. Qe2 Qf4 26. Be4 Rd8 27. Qc2 Qg5 28. Qc1 Nf4 29. Qg1 Qxg1+ 30. Kxg1 f5 31. Bc2 Ne2+ 32. Kf1 Nxd4 33. Rc7 Nxf3 34. h3 Rd2 35. Bb3 Nd4 36. Bc4 Rxb2 37. Rd7 Rd2 38. Bxe6+ Kf8 39. Bc4 Nf3 40. Rf7+ Ke8 41. Rxh7 Ne5 42. Bb5+ Kf8 43. Rb7 Rd6 44. f4 Nf3 45. Kf2 Nd2 46. Ke2 Ne4 47. Ke3 Nc3 48. Rb8+ Kg7 49. Bc4 Rc6 50. Kd3 Ne4 51. Bd5 Rd6 52. Kd4 Nf6 53. Ke5 Rxd5+ 54. Ke6 Rd7 55. Rxb6 Ra7 56. Ke5 Nh5 57. Rb5 a4 58. Rb4 Kf7 59. Kd5 Nf6+ 60. Ke5 Nh5 61. Rb6 Re7+ 62. Kd5 Nxf4+ 63. Kd4 Re4+ 64. Kc5 Re5+ 65.
Kd4 Re4+ 66. Kc5 Ne6+ 67. Kd6 Kf6 68. Kd7 Rd4+ 69. Ke8 Rd3 70. h4 Rxa3 71. h5 gxh5 72. Rb3 Rxb3 73. Kd7 Rc3 74. Ke8 a3 75. Kd7 a2 76. Ke8 a1=Q 77. Kd7 Qa7+ 0-1

[Event "*** Titled Tuesday Blitz"]
[Site "Chess.com"]
[Date "2020.04.07"]
[Round "4"]
[White "BeanScreen"]
[Black "2165149677570"]
[Result "0-1"]
[WhiteElo "2603"]
[BlackElo "2375"]
[TimeControl "180+1"]
[EndTime "13:43:10 PDT"]
[Termination "2165149677570 won by checkmate"]

1. e4 c5 2. Nf3 d6 3. d4 cxd4 4.
Nxd4 Nf6 5. Nc3 a6 6. Be3 e5 7. Nb3 Be6 8. h3 Be7 9. f4 exf4 10. Bxf4 Nc6 11. Qe2 Ne5 12. O-O-O Qc7 13. g4 h6 14. Kb1 b5 15. Nd5 Nxd5 16. exd5 Bd7 17. Bg2 Ng6 18. Bg3 O-O 19. h4 Bf6 20. g5 Be5 21. Bxe5 Nxe5 22. Qd2 h5 23. Be4 g6 24.
Nd4 a5 25. Rhf1 b4 26. Rf6 a4 27. Rdf1 Qc5 28. Nc6 Nc4 29. Qf4 Bxc6 30. Rxf7 Nd2+ 31.
Qxd2 Rxf7 32. Rxf7 Kxf7 33. Qf4+ Kg8 34. dxc6 Qg1+ 35.
Qc1 Qxc1+ 36. Kxc1 Kf7 37. Kd2 Rc8 38. Kd3 Ke6 39.
Kc4 Ke5 40. Bg2 Rf8 41. Kb5 d5 42. Kb6 Kd6 43. Bh3 Rf7 44. Bd7 a3 45. bxa3 bxa3 46. Be8 Rf8 47. Bd7 d4 48. Kb5 Rd8 49. Kc4 d3 50. cxd3 Kc7 51. d4 Rf8 52. d5 Rf4+ 53.
Kc5 Rf1 54. d6+ Kd8 55. Be6 Rc1+ 56. Kb6 Rb1+ 57. Bb3 Rxb3+ 58. axb3 a2 59. c7+ Kd7 60. Kb7 a1=Q 61. c8=Q+ Kxd6 62. Qf8+ Ke6 63. Qe8+ Kf5 64. Qd7+ Kf4 65. Qd6+ Kg4 66. Qxg6 Qh1+ 67. Kb6 Kxh4 68. Qf5 Qg1+ 69. Qc5 Qxg5 70. Qf2+ Qg3 71. Qf6+ Kg4 72. Kc5 Qg1+ 73. Kc4 Qc1+ 74. Kb5 Qg5+ 75. Qxg5+ Kxg5 76.
b4 h4 77. Kc6 h3 78. b5 h2 79. b6 h1=Q+ 80. Kc7 Qc1+ 81. Kb8 Kf6 82. b7 Ke7 83. Ka8 Qa3+ 84. Kb8 Kd6 85. Kc8 Qh3+ 86. Kb8 Kc6 87. Ka8 Qa3+ 88. Kb8 Qa6 89. Kc8 Qxb7+ 90. Kd8 Qd7# 0-1

[Event "*** Titled Tuesday Blitz"]
[Site "Chess.com"]
[Date "2020.04.07"]
[Round "4"]
[White "arminmusovic"]
[Black "lucasran"]
[Result "1/2-1/2"]
[WhiteElo "2521"]
[BlackElo "2702"]
[TimeControl "180+1"]
[EndTime "13:43:14 PDT"]
[Termination "Game drawn - insufficient material"]

1. e4 c6 2. d4 d5 3. Nd2 dxe4 4. Nxe4 Bf5 5. Nd2 Qxd4 6. Ngf3 Qd8 7. Bc4 e6 8. O-O Nf6 9. Bb3 Be7 10. Qe2 O-O 11. Nc4 Nbd7 12. Nd4 Bg4 13. f3 Bh5 14. Rd1 Nd5 15.
c3 Bg6 16. Bd2 Re8 17. Be1 Nc5 18. Bg3 Rc8 19. Ne5 Nxb3 20. axb3 Qb6 21. Nxg6 hxg6 22. Kh1 c5 23. Nb5 a6 24. c4 axb5 25. cxd5 exd5 26. Rxd5 Bf6 27. Qc2 c4 28. Rad1 Qa6 29. Rd6 Qa2 30. bxc4 Qxc4 31. Qf2 Qc5 32. Qf1 Qc4 33. Qf2 b4 34.
Rd7 Qc2 35. R7d2 Qb3 36. h4 Rc4 37. Rd7 Rc2 38. Qf1 Qxb2 39. Rxb7 Rd2 40. Rb1 Qc3 41. h5 gxh5 42. Rc1 Qd3 43. Qxd3 Rxd3 44. Kh2 b3 45. Rc6 h4 46. Bf4 Be5 47. Bxe5 Rxe5 48. Rc8+ Kh7 49. Rcb8 Rg5 50. Kh3 Rg3+ 51. Kxh4 Rxg2 52. Rxb3 Rd6 53. Kh3 Rg5 54. R3b4 Rh6+ 55. Rh4 Rxh4+ 56. Kxh4 Rf5 57. Kg4 Rf6 58. f4 Kg6 59. Rb5 Ra6 60. Rg5+ Kf6 61. Rf5+ Ke7 62. Re5+ Re6 63. Rb5 g6 64. f5 Re4+ 65.
Kf3 Rc4 66. fxg6 fxg6 67. Rb6 Kf7 68. Kg3 Kg7 69. Rb5 Kh6 70. Ra5 g5 71. Ra8 Rc3+ 72. Kg4 Rc4+ 73. Kg3 Kg6 74. Ra5 Kh5 75. Ra3 Rh4 76. Rb3 Rg4+ 77. Kh3 Rd4 78. Kg3 Rd1 79. Rb4 Rd3+ 80. Kg2 g4 81. Rb8 Kg5 82. Rf8 Rd5 83. Rg8+ Kf4 84. Rf8+ Ke4 85. Kg3 Rg5 86. Rf4+ Ke5 87.
Rxg4 Rxg4+ 88. Kxg4 1/2-1/2

[Event "*** Titled Tuesday Blitz"]
[Site "Chess.com"]
[Date "2020.04.07"]
[Round "4"]
[White "varacalli"]
[Black "cassoulet"]
[Result "1-0"]
[WhiteElo "2389"]
[BlackElo "2714"]
[TimeControl "180+1"]
[EndTime "13:43:19 PDT"]
[Termination "varacalli won by checkmate"]

1. e4 c5 2. Nf3 Nc6 3. d4 cxd4 4.
Nxd4 Nf6 5. Nc3 e6 6. Ndb5 d6 7. Bf4 e5 8. Bg5 a6 9. Na3 b5 10. Nd5 Be7 11. Bxf6 Bxf6 12. c4 b4 13. Nc2 Rb8 14. Be2 Bg5 15. O-O O-O 16. b3 a5 17. Qd3 f5 18. Bf3 f4 19. Rfd1 Be6 20. a3 bxa3 21. Rxa3 Bh6 22. Rb1 Kh8 23. b4 axb4 24.
Ncxb4 Nd4 25. h3 g5 26. Rba1 g4 27. Bxg4 Bxg4 28. hxg4 f3 29. Nc2 Ne2+ 30. Kf1 Qh4 31. gxf3 Nc1 32. Rxc1 Bxc1 33. Ra1 Bb2 34. Ra7 Bc1 35.
Ke2 Bg5 36. Ra2 Rb1 37. Ne1 Rc1 38. Rc2 Rxc2+ 39. Qxc2 Qh6 40. Ng2 Qh2 41. Nde3 Qh3 42. Ne1 Bxe3 43. Kxe3 Qh6+ 44. Ke2 Qe6 45. Qd3 Rc8 46. Qd5 Qxd5 47. cxd5 Kg7 48. Ng2 Kf6 49.
Ne3 Ra8 50. Nf5 Ra6 51. Ng3 Kg5 52. Nh5 Ra3 53. Ng7 Ra6 54. Nh5 Kh4 55. Ng7 Kh3 56.
Nf5 Kg2 57. Nh4+ Kg1 58. Nf5 Ra2+ 59. Ke3 Ra3+ 60. Ke2 Ra6 61. Ke3 Kf1 62. f4 Ra3+ 63. Kd2 exf4 64. Nxd6 Kxf2 65. e5 Re3 66. e6 Re5 67. Kc3 Rxd5 68. Ne4+ Ke3 69. e7 Re5 70.
Nf6 f3 71. Nd5+ Ke2 72. Nf4+ Ke1 73. Nd3+ Kd1 74. Nxe5 f2 75. e8=Q f1=Q 76. Qd7+ Kc1 77. Nd3+ Kd1 78. Qa4+ Ke2 79. Qe4+ Kd1 80. Qd4 Qf8 81.
Nb4+ Ke2 82. Qe4+ Kf2 83. Qf5+ Qxf5 84. gxf5 h5 85. f6 h4 86. f7 h3 87. f8=Q+ Kg1 88.
Nd3 h2 89. Qf2+ Kh1 90. Qf1# 1-0

[Event "*** Titled Tuesday Blitz"]
[Site "Chess.com"]
[Date "2020.04.07"]
[Round "4"]
[White "ahkashefi2800"]
[Black "ElHelvetico"]
[Result "1/2-1/2"]
[WhiteElo "2219"]
[BlackElo "2606"]
[TimeControl "180+1"]
[EndTime "13:43:21 PDT"]
[Termination "Game drawn - insufficient material"]

1. d4 Nf6 2. c4 e6 3. Nc3 Bb4 4. Qc2 O-O 5. Nf3 c5 6. dxc5 Na6 7. e3 Nxc5 8. Be2 Nce4 9. Bd2 Nxd2 10. Nxd2 a6 11. O-O Qc7 12. a3 Be7 13. b4 b6 14. Bf3 Bb7 15. Bxb7 Qxb7 16. Rac1 Rfc8 17. Qd3 d6 18. Nce4 Nxe4 19. Nxe4 Rd8 20. Rfd1 h6 21. Nc3 Rac8 22. Ne2 d5 23. cxd5 Rxc1 24. Nxc1 Rxd5 25. Qc2 a5 26. bxa5 Rxa5 27. a4 Rg5 28. g3 Rc5 29.
Qd3 Bf6 30. Ne2 Rd5 31. Qb1 Ra5 32. Rd6 b5 33. axb5 Ra1 34. Rd8+ Bxd8 35. Qxa1 Qxb5 36. Nd4 Qb7 37. Qd1 Bf6 38. Ne2 Qf3 39. Qd2 h5 40. h4 Qg4 41. Kh2 Be5 42. Nf4 Qf3 43. Qe1 Qe4 44. Qe2 g6 45. Ng2 Kg7 46. Nf4 Bc7 47. Kg1 e5 48. Ng2 Qb1+ 49. Qe1 Qc2 50.
Qf1 Bb6 51. Ne1 Qe4 52. Qd3 Qg4 53. Qb3 Bd8 54. Qc3 Bxh4 55. Qxe5+ Bf6 56. Qf4 Qe6 57. Nf3 Qd5 58. e4 Qd1+ 59. Kg2 Qd7 60. Qe3 Qe6 61. Qf4 Be7 62. Qe3 Qg4 63. Qd4+ Bf6 64. Qd5 h4 65. e5 Be7 66. e6 fxe6 67. Qe5+ Bf6 68. Qf4 Qxf4 69. gxf4 Kh6 70. Kh3 Kh5 71. Nh2 Bg7 72. Kg2 Bh6 73. Kf3 Bf8 74. Ng4 Bd6 75. Nf6+ Kh6 76. Kg4 h3 77. Kxh3 Bxf4 78. Kg4 Be5 79.
Ne4 Kg7 80. Ng5 Kf6 81. Nh7+ Ke7 82. Ng5 Bd4 83. f3 Bb2 84. Ne4 Bc1 85. Nf2 Kd6 86.
Kg3 Kd5 87. Nd3 Be3 88. Kg4 Kd4 89. Ne1 Bd2 90. Ng2 e5 91. Nh4 g5 92. Ng6 Bf4 93.
Ne7 Ke3 94. Nc6 Kf2 95. Nxe5 Bxe5 96. Kxg5 Kxf3 1/2-1/2

[Event "*** Titled Tuesday Blitz"]
[Site "Chess.com"]
[Date "2020.04.07"]
[Round "4"]
[White "awesomevishesh"]
[Black "Megagigahiper3345"]
[Result "1/2-1/2"]
[WhiteElo "2467"]
[BlackElo "2297"]
[TimeControl "180+1"]
[EndTime "13:43:38 PDT"]
[Termination "Game drawn - insufficient material"]

1. e4 c5 2. Nf3 d6 3. Bb5+ Bd7 4. Bxd7+ Qxd7 5. c4 e5 6. Nc3 Nc6 7. O-O g6 8. d3 Bg7 9. a3 Nge7 10. Rb1 O-O 11.
b4 b6 12. Nd5 Nxd5 13. cxd5 Nd4 14. Nxd4 exd4 15. Bd2 b5 16. bxc5 dxc5 17. Qb3 a6 18.
f4 Rfc8 19. Rfc1 Qc7 20. e5 c4 21. Qd1 c3 22. d6 Qc5 23. Qb3 Qb6 24. Be1 Ra7 25. Rc2 Rb7 26. Bf2 Kh8 27. Qd5 Rd7 28. Qxd4 Qxd4 29. Bxd4 Rxd6 30. exd6 Bxd4+ 31. Kf1 Rd8 32. a4 bxa4 33. Rb4 Rxd6 34. Rxa4 Kg7 35. g3 Bf6 36.
Ke2 Re6+ 37. Re4 Rb6 38. d4 Rb1 39. Rxc3 Rb2+ 40. Kf3 Rxh2 41. Ra3 h5 42. Rxa6 h4 43. gxh4 Bxh4 44. d5 Rf2+ 45. Ke3 Rf1 46. d6 Re1+ 47.
Kf3 Rf1+ 48. Ke2 Re1+ 49. Kd3 Rd1+ 50. Kc4 f5 51. Re6 g5 52. fxg5 Bxg5 53. Ra7+ Kf8 54.
d7 Be7 55. Rb6 Kf7 56. Rb8 Kf6 57. Re8 Ke6 58. Kb5 Rxd7 59. Ra6+ Rd6 60. Ra7 Rd7 61. Rxd7 Kxd7 62. Rh8 Ke6 63. Kc4 Bf6 64. Rh6 Ke5 65. Rh5 Ke4 66. Rh6 Be5 67. Rg6 f4 68. Rg8 f3 69.
Rf8 Bf4 70. Re8+ Kf5 71. Kd3 Kg4 72. Ke4 Bg5 73. Rf8 Bh4 74. Rxf3 Bg5 75. Rf5 Bd2 76. Rd5 Bg5 77. Ke5 Bf4+ 78. Ke4 Bg3 79. Rf5 Kh3 80. Rf3 Kg2 81. Ke3 Bh2 82. Ke2 Bg1 83.
Rf4 Kh1 84. Rg4 Bh2 85. Kf3 Bg1 86. Rh4+ Bh2 87. Rc4 Bg1 88. Rc2 Bh2 89. Rc1+ Bg1 90. Rc4 Bh2 91. Rg4 Bg1 92. Ke2 Bh2 93. Rc4 Bg1 94. Kd1 Bh2 95. Kc2 Bg1 96. Kb3 Bh2 97. Re4 Bg1 98. Kc4 Bh2 99. Re2 Bg1 100. Kd3 Bh2 101. Ke4 Bg1 102. Kf3 Bh2 103. Re4 Bg1 104. Rg4 Bh2 105. Rg2 Bg1 106. Rxg1+ Kxg1 1/2-1/2

[Event "*** Titled Tuesday Blitz"]
[Site "Chess.com"]
[Date "2020.04.07"]
[Round "4"]
[White "Sadikhov_Ulvi"]
[Black "nochewycandy"]
[Result "1-0"]
[WhiteElo "2717"]
[BlackElo "2521"]
[TimeControl "180+1"]
[EndTime "13:43:45 PDT"]
[Termination "Sadikhov_Ulvi won on time"]

1. e4 g6 2. d4 Bg7 3. Nc3 d6 4. g3 Nd7 5. Bg2 c5 6. Be3 cxd4 7. Bxd4 Bxd4 8. Qxd4 Ngf6 9. Nge2 O-O 10. O-O Qb6 11. Qxb6 Nxb6 12. Nd4 Bd7 13. Rfe1 Rac8 14. e5 dxe5 15. Rxe5 Rfe8 16. Bxb7 Rc7 17. Ba6 Nc4 18. Bxc4 Rxc4 19. Rd1 Rb8 20. Nb3 Bf5 21. Rd2 Kf8 22. f3 h5 23. h4 Ne8 24. Ra5 Rc7 25. Rd4 Bxc2 26. Nb5 Rcb7 27. Nxa7 Bxb3 28. axb3 Rxb3 29. Nc6 Rc8 30. Ne5 Rxb2 31. Rd1 Rcc2 32. Ra8 Rg2+ 33. Kf1 Rbf2+ 34. Ke1 Re2+ 35. Kf1 Ref2+ 36. Ke1 Rg1+ 37. Kxf2 Rxd1 38. f4 Rd6 39. Kf3 Rd1 40. Ke2 Rd6 41.
Kf3 Rd1 42. Ke3 Rd6 43. Rb8 f6 44. Nxg6+ Kf7 45. Nh8+ Kf8 46. Ng6+ Kf7 47. f5 Rd7 48. Nf4 Nc7 49. Nxh5 Rd5 50. g4 Re5+ 51. Kf3 Ra5 52. Nf4 Ra3+ 53. Kf2 Ra2+ 54. Kf3 Ra3+ 55. Ke2 Ra2+ 56.
Ke3 Ra3+ 57. Kd2 Rg3 58. Ng6 e6 59. Rb7 exf5 60. gxf5 Rg2+ 61. Kd3 Kg7 62. Rxc7+ Kh6 63. Nf4 Rf2 64. Ke3 Rf3+ 65. Ke4 Re3+ 66. Kd5 Re5+ 67.
Kd6 Rxf5 68. Rc4 Ra5 69. Ke6 Ra6+ 70. Kf7 Ra5 71. Kxf6 Ra6+ 72. Ne6 Kh5 73. Rf4 Ra8 74. Ng7+ Kh6 75. Nf5+ Kh5 76. Ng7+ Kh6 77. Ne6 Kh5 78. Re4 Ra6 79. Kf7 Ra1 80. Ng7+ Kh6 81. h5 Rf1+ 82. Kg8 Rg1 83. Re6+ 1-0

[Event "*** Titled Tuesday Blitz"]
[Site "Chess.com"]
[Date "2020.04.07"]
[Round "4"]
[White "Icewizard1"]
[Black "praveenb2002"]
[Result "0-1"]
[WhiteElo "2859"]
[BlackElo "2611"]
[TimeControl "180+1"]
[EndTime "13:43:51 PDT"]
[Termination "praveenb2002 won by resignation"]

1. Nf3 d5 2. d4 Nf6 3. c4 e6 4.
Nc3 Be7 5. Bg5 Nbd7 6. e3 h6 7. Bh4 O-O 8. Bd3 c5 9. cxd5 Nxd5 10. Bg3 cxd4 11. exd4 N7f6 12. O-O b6 13. a3 Bb7 14. Rc1 Rc8 15. Ne2 Rxc1 16. Qxc1 Qa8 17. Ne5 Rc8 18. Qb1 a6 19. h3 b5 20. Rc1 Nb6 21. f3 Nbd5 22.
b4 Ne3 23. Rxc8+ Qxc8 24. Bf4 Nfd5 25. Bxe3 Nxe3 26. Kf2 Nd5 27. Bh7+ Kf8 28. Be4 Qc7 29. Qc1 Qxc1 30. Nxc1 Ke8 31. Nb3 Bd8 32. Nc5 Bb6 33. Ned3 Bxc5 34. Nxc5 Bc8 35. Bxd5 exd5 36. h4 g5 37. hxg5 hxg5 38. f4 f6 39. Kf3 Kf7 40. g3 Kg6 41. fxg5 Kxg5 42. Nd3 Bg4+ 43. Kf2 Bc8 44.
Nf4 Bb7 45. Kf3 Kf5 46. g4+ Kg5 47. Kg3 Kh6 48. Ne6 Bc8 49. Nc7 Bb7 50. Kf4 Kg6 51. Ne8 Bc8 52. Nd6 Bd7 53. Nb7 Bc8 54. Nc5 Kf7 55.
Nd3 Kg6 56. Kg3 Kg5 57. Nf2 Kg6 58. Kf4 Bd7 59. Nd3 Bc8 60. g5 fxg5+ 61. Ke5 Bf5 62. Nc5 g4 63. Kf4 Bc8 64. Nd3 Kh5 65. Kg3 Kg5 66.
Ne5 Be6 67. Nc6 Kf5 68. Nd8 Bc8 69. Nf7 Bd7 70. Nd6+ Ke6 71. Nb7 Bc8 72. Nd8+ Kf5 73. Nf7 Bd7 74. Nd6+ Kg6 75. Kf4 Kf6 76. Nb7 Kf7 77.
Nc5 Bc8 78. Nd3 Kg6 79. Nf2 Kh5 80. Nh1 Kh4 81. Ng3 Kh3 82. Nh5 Kg2 83. Ng3 Kf2 84.
Nf5 Ke2 85. Nd6 Be6 86. Nb7 Kd2 87. Nc5 Bc8 88. Nb3+ Kc3 89. Na5 Kxd4 90. Nc6+ Kc4 91. Ke5 g3 92. Nd4 g2 93. Nf3 Bg4 94. Ng1 Bd1 95.
Nh3 d4 96. Ng1 d3 97. Kd6 d2 98. Kc6 Bg4 99. Kb6 d1=Q 100. Kxa6 Qa4+ 0-1

[Event "*** Titled Tuesday Blitz"]
[Site "Chess.com"]
[Date "2020.04.07"]
[Round "5"]
[White "northridgehawk"]
[Black "Vojtastr"]
[Result "1/2-1/2"]
[WhiteElo "2309"]
[BlackElo "2491"]
[TimeControl "180+1"]
[EndTime "13:50:41 PDT"]
[Termination "Game drawn by repetition"]

1. e4 c5 2. Nf3 Nc6 3. d4 cxd4 4. Nxd4 Nf6 5. Nc3 e5 6. Ndb5 d6 7. Nd5 Nxd5 8. exd5 Nb8 9. c4 Be7 10. Be2 O-O 11. O-O Nd7 12. Be3 a6 13. Nc3 f5 14. f3 Bg5 15. Bf2 Bh4 16. Be3 Bg5 17. Bf2 Bh4 18. Be3 Bg5 1/2-1/2

[Event "*** Titled Tuesday Blitz"]
[Site "Chess.com"]
[Date "2020.04.07"]
[Round "5"]
[White "Chessmatus"]
[Black "Pavlov_Sergey"]
[Result "0-1"]
[WhiteElo "2379"]
[BlackElo "2549"]
[TimeControl "180+1"]
[EndTime "13:51:01 PDT"]
[Termination "Pavlov_Sergey won by resignation"]

1. d4 Nf6 2. c4 e6 3. g3 d5 4. Nf3 dxc4 5. Bg2 Bb4+ 6. Bd2 a5 7. Qc2 Bxd2+ 8. Qxd2 c6 9. a4 Ne4 10. Qf4 Qb6 11.
O-O Qxb2 12. Na3 Nc3 13. Rfe1 Nxe2+ 0-1

[Event "*** Titled Tuesday Blitz"]
[Site "Chess.com"]
[Date "2020.04.07"]
[Round "5"]
[White "GuerrieroFromLevant"]
[Black "Vugar_Manafov"]
[Result "0-1"]
[WhiteElo "2330"]
[BlackElo "2677"]
[TimeControl "180+1"]
[EndTime "13:51:19 PDT"]
[Termination "Vugar_Manafov won by resignation"]

1. e4 Nf6 2. e5 Nd5 3. d4 d6 4. Nf3 Nb6 5. exd6 cxd6 6. c4 g6 7. Nc3 Bg7 8. Bg5 O-O 9. Qd2 Nc6 10. Be2 Bg4 11. d5 Bxf3 12. gxf3 Nd4 13. O-O Nxc4 14. Bd1 Nxd2 0-1

[Event "*** Titled Tuesday Blitz"]
[Site "Chess.com"]
[Date "2020.04.07"]
[Round "5"]
[White "Bagirova"]
[Black "vovachesss"]
[Result "1-0"]
[WhiteElo "2155"]
[BlackElo "2609"]
[TimeControl "180+1"]
[EndTime "13:51:23 PDT"]
[Termination "Bagirova won by checkmate"]

1. e4 d5 2. exd5 c6 3. dxc6 e5 4. Nc3 Bc5 5. Nf3 Nxc6 6. Bb5 Bd7 7. O-O Nge7 8. Re1 f6 9. h3 Qb6 10. d4 Nxd4 11. Bxd7+ Kxd7 12. Na4 Qd6 13. Nxc5+ Qxc5 14. c3 Nc6 15. cxd4 exd4 16. Be3 Qb5 17. Nxd4 Nxd4 18. Qxd4+ Kc8 19. Rac1+ Kb8 20. Qd6# 1-0

[Event "*** Titled Tuesday Blitz"]
[Site "Chess.com"]
[Date "2020.04.07"]
[Round "5"]
[White "Usurpov"]
[Black "dennisodessa"]
[Result "0-1"]
[WhiteElo "2448"]
[BlackElo "2286"]
[TimeControl "180+1"]
[EndTime "13:51:39 PDT"]
[Termination "dennisodessa won by resignation"]

1. e4 e6 2. d4 d5 3. e5 c5 4.
c3 Qa5 5. dxc5 Qc7 6. Nf3 Nd7 7. Bf4 Bxc5 8. Bd3 Ne7 9. Bg3 Ng6 10. O-O Ngxe5 11. Nxe5 Nxe5 12. Re1 Bd6 13. Bb5+ Bd7 14. Qxd5 exd5 0-1